[ AOE2 MATCH · #513781553 ]
UnrankedFranks vs Turks
Player's team · LOSS
Rival team · WIN
[ REPLAY ANALYSIS · EXTRACTED FROM THE RECORDED GAME ]
Feudal
9:57
Castle
21:12
Imperial
44:50
| APM avg | 75.5 |
| APM peak | 124 |
| eAPM avg | 32.9 |
| Villagers / military | 136 / 69 |
Focus
⚔️ 45.7% · 🌾 54.3%
Ballestero montado ×48 · Knight ×7 · Throwing Axeman ×6 · Scout Cavalry ×4 · Militia ×3 · Mangonel ×1
Feudal
8:50
Castle
22:34
Imperial
41:10
| APM avg | 37.2 |
| APM peak | 70 |
| eAPM avg | 19.8 |
| Villagers / military | 129 / 172 |
Focus
⚔️ 32.1% · 🌾 67.9%
Camel Scout ×61 · Scout Cavalry ×46 · Cavalry Archer ×31 · Battering Ram ×11 · Archer ×9 · Spearman ×5
Match map
Initial resources + every placement click. Lines = walls · curves = elevation contours. ◆ gold · ⬟ stone · ● berries · ✦ relic · ◌ wall gap
Your base· Open — opponent sealed themselves in
BatDongSan's base· ✓ Closed at 22:34 · 48t walls · 2 gate(s)
Smoothed initial terrain · ◌ = detected wall gap · hover for details
Inputs per minute
— Pikaflex - - BatDongSan
Build order — Pikaflex
First 150 of 330 actions detected
| 0:00 | Queue | Villager (Male) |
| 0:01 | Queue | Villager (Male) |
| 0:01 | Queue | Villager (Male) |
| 0:02 | Build | House |
| 0:03 | Build | House |
| 0:23 | Queue | Villager (Male) |
| 0:23 | Queue | Villager (Male) |
| 1:22 | Queue | Villager (Male) |
| 1:22 | Queue | Villager (Male) |
| 2:04 | Queue | Villager (Male) |
| 2:04 | Queue | Villager (Male) |
| 2:21 | Queue | Villager (Male) |
| 2:22 | Queue | Villager (Male) |
| 2:48 | Queue | Villager (Male) |
| 2:48 | Queue | Villager (Male) |
| 3:02 | Build | Barracks |
| 3:10 | Queue | Villager (Male) |
| 3:10 | Queue | Villager (Male) |
| 3:30 | Build | House |
| 3:40 | Queue | Villager (Male) |
| 3:41 | Queue | Villager (Male) |
| 4:02 | Queue | Militia |
| 4:31 | Queue | Militia |
| 4:44 | Queue | Villager (Male) |
| 5:01 | Queue | Militia |
| 5:12 | Build | House |
| 5:18 | Queue | Villager (Male) |
| 5:42 | Build | House |
| 5:50 | Queue | Villager (Male) |
| 6:08 | Build | Lumber Camp |
| 6:21 | Queue | Villager (Male) |
| 6:51 | Research | Loom |
| 7:47 | Research | Feudal Age |
| 8:05 | Build | Mining Camp |
| 8:33 | Build | House |
| 8:34 | Build | Palisade Wall |
| 9:15 | Build | Mill |
| 9:33 | Build | Palisade Wall |
| 9:57 | Age | Feudal Age |
| 10:02 | Build | Stable |
| 10:17 | Queue | Villager (Male) |
| 10:24 | Research | Double-Bit Axe |
| 11:03 | Queue | Villager (Male) |
| 11:05 | Build | Mill |
| 11:07 | Queue | Scout Cavalry |
| 11:29 | Build | Palisade Gate |
| 11:47 | Queue | Villager (Male) |
| 11:56 | Queue | Scout Cavalry |
| 12:10 | Queue | Villager (Male) |
| 12:15 | Build | Farm |
| 12:27 | Build | Farm |
| 12:27 | Build | Farm |
| 12:29 | Queue | Villager (Male) |
| 12:41 | Queue | Scout Cavalry |
| 13:03 | Build | Farm |
| 13:07 | Queue | Villager (Male) |
| 13:26 | Queue | Villager (Male) |
| 13:30 | Build | House |
| 13:31 | Build | House |
| 13:33 | Build | Farm |
| 14:01 | Build | Farm |
| 14:02 | Queue | Villager (Male) |
| 14:18 | Queue | Villager (Male) |
| 14:20 | Build | Farm |
| 14:40 | Build | Farm |
| 14:41 | Build | Farm |
| 14:43 | Build | Farm |
| 14:43 | Build | Farm |
| 14:50 | Queue | Scout Cavalry |
| 15:11 | Queue | Villager (Male) |
| 15:14 | Build | Farm |
| 15:17 | Queue | Villager (Male) |
| 15:37 | Queue | Villager (Male) |
| 15:56 | Queue | Villager (Male) |
| 15:58 | Build | Farm |
| 16:16 | Queue | Villager (Male) |
| 16:19 | Build | Farm |
| 16:19 | Build | Farm |
| 16:22 | Build | Market |
| 16:34 | Build | Blacksmith |
| 16:40 | Build | Farm |
| 17:11 | Build | Farm |
| 17:11 | Queue | Villager (Male) |
| 17:32 | Build | Farm |
| 17:44 | Build | Palisade Wall |
| 18:05 | Queue | Villager (Male) |
| 18:30 | Build | House |
| 18:32 | Research | Castle Age |
| 18:37 | Build | Stable |
| 18:43 | Build | Farm |
| 19:22 | Build | House |
| 19:23 | Build | Palisade Wall |
| 19:30 | Build | Palisade Wall |
| 19:34 | Research | Scale Barding Armor |
| 19:49 | Research | Forging |
| 20:00 | Research | Gold Mining |
| 20:05 | Build | House |
| 20:07 | Build | Palisade Wall |
| 20:16 | Build | House |
| 20:20 | Build | Palisade Wall |
| 21:09 | Build | Palisade Gate |
| 21:12 | Age | Castle Age |
| 21:14 | Queue | Knight |
| 21:15 | Queue | Knight |
| 21:20 | Queue | Villager (Male) |
| 21:40 | Build | Town Center |
| 21:47 | Queue | Villager (Male) |
| 21:47 | Queue | Villager (Male) |
| 21:48 | Queue | Knight |
| 21:54 | Research | Husbandry |
| 22:10 | Queue | Villager (Male) |
| 22:31 | Queue | Villager (Male) |
| 22:31 | Queue | Villager (Male) |
| 22:36 | Queue | Knight |
| 22:50 | Research | Bow Saw |
| 22:51 | Queue | Villager (Male) |
| 23:29 | Queue | Knight |
| 23:33 | Queue | Villager (Male) |
| 23:35 | Build | Farm |
| 23:51 | Build | Farm |
| 23:53 | Build | Farm |
| 23:58 | Build | Archery Range |
| 24:00 | Queue | Villager (Male) |
| 24:02 | Research | Fletching |
| 24:04 | Build | Farm |
| 24:05 | Queue | Villager (Male) |
| 24:24 | Queue | Knight |
| 24:29 | Build | Archery Range |
| 24:33 | Queue | Villager (Male) |
| 24:44 | Queue | Villager (Male) |
| 25:06 | Queue | Villager (Male) |
| 25:27 | Queue | Villager (Male) |
| 25:31 | Queue | Ballestero montado |
| 25:31 | Queue | Ballestero montado |
| 25:39 | Queue | Villager (Male) |
| 25:48 | Queue | Knight |
| 26:03 | Queue | Ballestero montado |
| 26:08 | Queue | Villager (Male) |
| 26:11 | Build | Palisade Gate |
| 26:14 | Build | Palisade Gate |
| 26:17 | Build | Palisade Gate |
| 26:37 | Queue | Villager (Male) |
| 27:25 | Queue | Villager (Male) |
| 27:25 | Queue | Villager (Male) |
| 27:25 | Queue | Villager (Male) |
| 27:42 | Build | Palisade Wall |
| 28:05 | Build | Farm |
| 28:07 | Queue | Villager (Male) |
| 28:12 | Build | Town Center |
| 28:21 | Queue | Villager (Male) |
Build order — BatDongSan
First 150 of 446 actions detected
| 0:00 | Queue | Villager (Male) |
| 0:01 | Queue | Villager (Male) |
| 0:02 | Build | House |
| 0:03 | Build | House |
| 0:06 | Queue | Villager (Male) |
| 0:06 | Queue | Villager (Male) |
| 1:28 | Queue | Villager (Male) |
| 1:28 | Queue | Villager (Male) |
| 2:00 | Queue | Villager (Male) |
| 2:00 | Queue | Villager (Male) |
| 2:20 | Queue | Villager (Male) |
| 2:21 | Queue | Villager (Male) |
| 2:54 | Queue | Villager (Male) |
| 2:54 | Queue | Villager (Male) |
| 2:55 | Queue | Villager (Male) |
| 3:04 | Build | Mill |
| 3:16 | Build | House |
| 3:44 | Queue | Villager (Male) |
| 3:44 | Queue | Villager (Male) |
| 3:45 | Queue | Villager (Male) |
| 4:41 | Queue | Villager (Male) |
| 4:42 | Queue | Villager (Male) |
| 4:42 | Queue | Villager (Male) |
| 5:15 | Build | Lumber Camp |
| 5:47 | Queue | Villager (Male) |
| 5:48 | Research | Loom |
| 6:30 | Research | Feudal Age |
| 6:30 | Research | Feudal Age |
| 7:09 | Build | House |
| 7:13 | Build | Palisade Wall |
| 7:17 | Build | Palisade Wall |
| 7:18 | Build | Palisade Wall |
| 7:19 | Build | Palisade Wall |
| 7:19 | Build | Palisade Wall |
| 8:10 | Build | Barracks |
| 8:16 | Build | Palisade Wall |
| 8:18 | Build | Palisade Wall |
| 8:19 | Build | Palisade Wall |
| 8:22 | Queue | Villager (Male) |
| 8:50 | Age | Feudal Age |
| 9:01 | Queue | Villager (Male) |
| 9:37 | Queue | Villager (Male) |
| 9:44 | Build | Stable |
| 9:54 | Build | Archery Range |
| 10:04 | Queue | Villager (Male) |
| 10:04 | Queue | Villager (Male) |
| 10:09 | Queue | Villager (Male) |
| 10:25 | Build | Archery Range |
| 10:35 | Build | House |
| 10:40 | Build | Mining Camp |
| 10:57 | Research | Double-Bit Axe |
| 10:57 | Research | Double-Bit Axe |
| 11:09 | Queue | Archer |
| 11:09 | Queue | Archer |
| 11:20 | Queue | Villager (Male) |
| 11:20 | Queue | Villager (Male) |
| 11:20 | Queue | Villager (Male) |
| 12:03 | Build | Mill |
| 12:09 | Build | House |
| 12:12 | Build | Farm |
| 12:13 | Build | Farm |
| 12:13 | Build | Farm |
| 12:13 | Build | Farm |
| 12:13 | Build | Farm |
| 12:13 | Build | Farm |
| 12:14 | Build | Farm |
| 12:14 | Build | Farm |
| 12:14 | Build | Farm |
| 12:23 | Queue | Archer |
| 12:24 | Queue | Archer |
| 12:25 | Queue | Villager (Male) |
| 12:26 | Queue | Villager (Male) |
| 12:26 | Queue | Villager (Male) |
| 12:33 | Build | Farm |
| 12:56 | Build | Farm |
| 12:57 | Queue | Villager (Male) |
| 13:01 | Build | House |
| 13:03 | Build | Palisade Wall |
| 13:05 | Build | Palisade Wall |
| 13:20 | Queue | Spearman |
| 13:25 | Build | Farm |
| 13:31 | Queue | Skirmisher |
| 13:31 | Queue | Skirmisher |
| 13:39 | Queue | Villager (Male) |
| 13:43 | Queue | Villager (Male) |
| 13:44 | Build | Farm |
| 13:57 | Build | House |
| 14:14 | Queue | Archer |
| 14:14 | Queue | Archer |
| 14:18 | Build | House |
| 14:19 | Build | House |
| 14:30 | Build | Palisade Wall |
| 14:33 | Build | Palisade Wall |
| 14:37 | Build | Palisade Gate |
| 14:49 | Build | Farm |
| 14:54 | Queue | Spearman |
| 15:06 | Queue | Villager (Male) |
| 15:10 | Build | Farm |
| 15:15 | Build | Farm |
| 15:17 | Queue | Spearman |
| 15:17 | Queue | Spearman |
| 15:40 | Build | Palisade Gate |
| 15:43 | Build | Palisade Wall |
| 15:55 | Build | Farm |
| 15:56 | Queue | Villager (Male) |
| 15:56 | Queue | Villager (Male) |
| 16:03 | Build | Palisade Wall |
| 16:03 | Build | Palisade Wall |
| 16:08 | Build | Farm |
| 16:24 | Queue | Villager (Male) |
| 16:31 | Build | Farm |
| 16:34 | Build | Farm |
| 16:37 | Queue | Archer |
| 16:37 | Queue | Archer |
| 16:37 | Queue | Archer |
| 16:46 | Queue | Spearman |
| 16:58 | Queue | Villager (Male) |
| 17:08 | Build | Farm |
| 17:09 | Build | Farm |
| 17:20 | Queue | Villager (Male) |
| 17:33 | Build | Farm |
| 17:51 | Build | Palisade Wall |
| 17:53 | Build | Palisade Wall |
| 17:55 | Queue | Villager (Male) |
| 18:29 | Queue | Villager (Male) |
| 18:46 | Build | Market |
| 18:56 | Queue | Villager (Male) |
| 19:13 | Build | Blacksmith |
| 19:20 | Queue | Villager (Male) |
| 19:54 | Research | Castle Age |
| 19:55 | Research | Castle Age |
| 20:10 | Build | Archery Range |
| 20:19 | Build | Stable |
| 20:19 | Build | Palisade Wall |
| 20:30 | Research | Horse Collar |
| 20:30 | Research | Gold Mining |
| 20:31 | Research | Gold Mining |
| 20:31 | Research | Gold Mining |
| 20:37 | Build | House |
| 20:38 | Build | House |
| 20:39 | Build | House |
| 20:42 | Build | House |
| 20:43 | Build | House |
| 20:45 | Build | Palisade Wall |
| 20:49 | Research | Fletching |
| 20:50 | Research | Fletching |
| 21:21 | Build | Farm |
| 21:41 | Research | Bloodlines |
| 21:43 | Research | Forging |
| 22:02 | Build | Stable |
Match timeline
| 3:02 | Pikaflex · first_building Barracks |
| 7:13 | BatDongSan · wall_segment Palisade Wall x1 |
| 7:17 | BatDongSan · wall_segment Palisade Wall x1 |
| 7:18 | BatDongSan · wall_segment Palisade Wall x1 |
| 7:19 | BatDongSan · wall_segment Palisade Wall x1 |
| 7:19 | BatDongSan · wall_segment Palisade Wall x1 |
| 8:10 | BatDongSan · first_building Barracks |
| 8:16 | BatDongSan · wall_segment Palisade Wall x1 |
| 8:18 | BatDongSan · wall_segment Palisade Wall x1 |
| 8:19 | BatDongSan · wall_segment Palisade Wall x1 |
| 8:34 | Pikaflex · wall_segment Palisade Wall x6 |
| 8:50 | BatDongSan · age_up feudal |
| 9:33 | Pikaflex · wall_segment Palisade Wall x4 |
| 9:44 | BatDongSan · first_building Stable |
| 9:54 | BatDongSan · first_building Archery Range |
| 9:57 | Pikaflex · age_up feudal |
| 10:02 | Pikaflex · first_building Stable |
| 13:03 | BatDongSan · wall_segment Palisade Wall x11 |
| 13:05 | BatDongSan · wall_segment Palisade Wall x1 |
| 14:30 | BatDongSan · wall_segment Palisade Wall x2 |
| 14:33 | BatDongSan · wall_segment Palisade Wall x1 |
| 15:43 | BatDongSan · wall_segment Palisade Wall x1 |
| 16:03 | BatDongSan · wall_segment Palisade Wall x1 |
| 16:03 | BatDongSan · wall_segment Palisade Wall x1 |
| 17:44 | Pikaflex · wall_segment Palisade Wall x6 |
| 17:51 | BatDongSan · wall_segment Palisade Wall x4 |
| 17:53 | BatDongSan · wall_segment Palisade Wall x17 |
| 19:23 | Pikaflex · wall_segment Palisade Wall x1 |
| 19:30 | Pikaflex · wall_segment Palisade Wall x5 |
| 20:07 | Pikaflex · wall_segment Palisade Wall x8 |
| 20:19 | BatDongSan · wall_segment Palisade Wall x1 |
| 20:20 | Pikaflex · wall_segment Palisade Wall x4 |
| 20:45 | BatDongSan · wall_segment Palisade Wall x1 |
| 21:12 | Pikaflex · age_up castle |
| 22:34 | BatDongSan · age_up castle |
| 23:25 | BatDongSan · wall_segment Palisade Wall x1 |
| 23:35 | BatDongSan · wall_segment Palisade Wall x1 |
| 23:58 | Pikaflex · first_building Archery Range |
| 25:54 | BatDongSan · wall_segment Palisade Wall x1 |
| 27:42 | Pikaflex · wall_segment Palisade Wall x1 |
| 30:00 | BatDongSan · first_building Monastery |
| 30:05 | BatDongSan · first_building Siege Workshop |
| 30:38 | Pikaflex · first_market_sell 100 food |
| 34:46 | Pikaflex · first_building Castle |
| 37:13 | Pikaflex · first_building Siege Workshop |
| 41:10 | BatDongSan · age_up imperial |
| 44:50 | Pikaflex · age_up imperial |
| 46:55 | Pikaflex · resign |
[ AI ANALYSIS · 1 CREDIT ]
What really happened in this match?
Wolo.gg analyzes every decision: build order, eco, micro, common mistakes by bracket. Personalized analysis on WhatsApp or Discord in 30 seconds.
Civ guide
Franks
Perfil
Jugador #288057